Selects Italian Combined Arms Battlegroup
Selects Bersaglieri Squad
Kradschützen Motorcycle Team
Construct Light Support Kompanie
Construct Mechanized Kompanie
Selects Bersaglieri Bolster
Panzerjäger Mechanized Group
Marder III Tank Destroyer
Selects Semovente da 75/18 Assault Gun
Construct Panzerarmee Kommand
Selects Breda Model 30 Light Machine Guns
Selects Carro Armato M13/40 Light Tank
Marder III Tank Destroyer
Marder III Tank Destroyer
Marder III Tank Destroyer
Marder III Tank Destroyer